 Dungeon Crawl Stone Soup version 0.27.0-1-g7a089689b8 (webtiles) character file.

Game seed: 8424045401225706006

1054 inmateoo the Sneak (level 8, -8/51 HPs)
             Began as an Octopode Hedge Wizard on Aug 6, 2021.
             Was an Initiate of Cheibriados.
             Mangled by an orc warrior (26 damage)
             ... in a bailey.
             The game lasted 00:07:38 (5270 turns).

inmateoo the Sneak (Octopode Hedge Wizard)          Turns: 5270, Time: 00:07:39

Health: -8/51      AC:  2    Str: 11    XL:     8   Next: 26%
Magic:  9/14       EV: 13    Int: 19    God:    Cheibriados [......]
Gold:   144        SH:  4    Dex: 12    Spells: 6/15 levels left

rFire    . . .     SeeInvis .   c - +0 dagger (elec)
rCold    . . .     Faith    .   d - +0 buckler
rNeg     . . .     Spirit   .   b - +1 hat
rPois    .         Reflect  .   (no amulet)
rElec    .         Harm     .   l - ring of willpower
rCorr    .         Rampage  .   (no ring)
Will     +....                  (no ring)
Stlth    ++++......             (no ring)
HPRegen  0.17/turn              (no ring)
MPRegen  0.14/turn              (no ring)
                                (no ring)
                                (no ring)

@: very slow
A: almost no armour, amphibious, 8 rings, camouflage 1, gelatinous body 1,
(nimble swimmer 1), tentacles
a: Renounce Religion, Bend Time


You were in a bailey.
You worshipped Cheibriados.
Cheibriados was noncommittal.
You visited 2 branches of the dungeon, and saw 6 of its levels.
You also visited: Bailey.

You collected 177 gold pieces.
You spent 33 gold pieces at shops.

Inventory:

Hand Weapons
 c - a +0 dagger of electrocution (weapon)
Armour
 b - a +1 hat (worn)
 d - a +0 buckler (worn)
Jewellery
 l - a ring of willpower (left tentacle)
Wands
 h - a wand of polymorph (2)
 j - a wand of flame (26)
Scrolls
 a - a scroll of amnesia
 f - a scroll of enchant weapon
 k - 3 scrolls of magic mapping
 o - a scroll of enchant armour
Potions
 e - a potion of attraction
 g - 2 potions of heal wounds
 i - a potion of brilliance
 m - a potion of might {unknown}


   Skills:
 + Level 2.8 Fighting
 - Level 0.2 Short Blades
 - Level 3.0 Dodging
 - Level 5.0 Stealth
 + Level 2.4 Shields
 + Level 2.6 Unarmed Combat
 + Level 4.4 Spellcasting
 - Level 3.0 Conjurations
 - Level 3.0 Summonings
 - Level 2.0 Translocations
 + Level 2.1 Transmutations
 + Level 2.1 Ice Magic


You had 6 spell levels left.
You knew the following spells:

 Your Spells              Type           Power      Damage    Failure   Level
a - Magic Dart            Conj           60%        1d6       4%          1
b - Blink                 Tloc           N/A        N/A       11%         2
c - Call Imp              Summ           15%        N/A       7%          2
d - Ice Form              Ice/Tmut       12%        N/A       54%         4

Your spell library contained the following spells:

 Spells                   Type           Power      Damage    Failure   Level
 Beastly Appendage        Tmut           24%        N/A       7%          1
 Wereblood                Tmut           12%        N/A       10%         2
 Frozen Ramparts          Ice            24%        1d4       21%         3
 Slow                     Hex            4%         N/A       24%         2
 Conjure Flame            Conj/Fire      9%         6-21      26%         3
 Spider Form              Tmut/Pois      4%         N/A       30%         3
 Mephitic Cloud           Conj/Pois/Air  7%         N/A       32%         3
 Summon Ice Beast         Ice/Summ       14%        N/A       50%         4


Dungeon Overview and Level Annotations

Branches:
Dungeon (7/15)             Temple (1/1) D:4          Bailey (1/1)

Altars:
Cheibriados
Dithmenos
Elyvilon
Fedhas
Gozag
Kikubaaqudgha
Nemelex Xobeh
Okawaru
Qazlal
Ru
Sif Muna
Trog
Uskayaw
Vehumet
Yredelemnul
Zin
The Shining One

Shops:
D:3 (?*   D:4 [(?[


Innate Abilities, Weirdness & Mutations

You cannot wear most types of armour.
You are amphibious.
You can wear up to eight rings at the same time.
Your skin changes colour to match your surroundings (Stealth+).
Your rubbery body absorbs attacks. (AC +1, EV +1)
((You are camouflaged near water. (Stealth+)))
You have tentacles for arms and can constrict up to eight enemies at once.


Message History

The orc shouts!
A hobgoblin comes into view. It is wielding a +0 hand axe.
The hobgoblin shouts!
An orc knight comes into view. It is wielding a +0 war axe.
The orc knight shouts!
A goblin comes into view. It is wielding a +3 hand axe.
The goblin shouts!
A hobgoblin comes into view. It is wielding a +0 hand axe.
The hobgoblin shouts!
A goblin comes into view. It is wielding a +0 hand axe.
The goblin shouts!
An orc warlord comes into view.
It is wielding a +3 great mace of protection.
The orc warlord shouts!
An orc warrior comes into view. It is wielding a +0 war axe.
The orc warrior shouts!
An orc warrior comes into view. It is wielding a +0 war axe.
The goblin completely misses you.
A hobgoblin comes into view. It is wielding a +0 hand axe.
A goblin comes into view. It is wielding a +0 hand axe.
An orc warrior comes into view. It is wielding a +0 war axe.
The orc hits you with a hand axe.
* * * LOW HITPOINT WARNING * * *
The orc knight roars a battlecry!
The orcs go into a battle-frenzy!
The hobgoblin shouts!
Found five items.
An orc comes into view. It is wielding a +0 hand axe.
Unknown command.
Unknown command.
Okay, then.
It was a potion of heal wounds.
You feel much better.
The orc warrior shouts!
The orc warrior closely misses you. The goblin hits you with a +0 hand axe.
The orc knight closely misses you. You block the orc's attack.
The orc knight roars a battlecry!
The orc warriors go into a battle-frenzy!
The goblin shouts!
The orc warrior shouts!
The orc warrior hits you with a +0 war axe!!
Ouch! That really hurt!
You die...

##.....##.........
#######.....⌠....
##$!$?$##.g.......
#[$$$$$[#.........
#.......##.....o.#
........o#
......o..##
..oog.o.o.#
..g..ogo@##
.o....gg.#
#..g....##
#.......#
###...### ##+#


You could see an orc warlord (strong), 2 orc knights, 4 orc warriors, 2 orcs, 3
hobgoblins and 3 goblins.

Vanquished Creatures
  Pikel (D:4)
  Grinder (D:4)
  An orc warrior (Bailey)
  An ogre (D:4)
  A centaur zombie (D:4)
  Jessica (D:3)
  Natasha (twice) (D:2)
  A howler monkey skeleton (D:7)
  4 adders
  A white imp (D:4)
  2 worms
  6 dart slugs
  4 orcs (D:3)
  10 endoplasms
  6 giant cockroaches
  10 goblins
  8 hobgoblins
  9 jackals
  8 kobolds
  2 quokkas
  8 ball pythons
  7 bats
  2 frilled lizards
  6 rats
102 creatures vanquished.

Vanquished Creatures (collateral kills)
  A scorpion (D:2)
  Natasha (D:2)
  4 orcs
  A giant cockroach (D:3)
  3 goblins (Bailey)
  A hobgoblin (Bailey)
  A frilled lizard (D:2)
12 creatures vanquished.

Grand Total: 114 creatures vanquished

Notes
Turn   | Place    | Note
-------+----------+-------------------------------------------
     0 | D:1      | inmateoo the Octopode Hedge Wizard began the quest for the
                  | Orb.
     0 | D:1      | Reached XP level 1. HP: 11/11 MP: 4/4
    85 | D:1      | Reached XP level 2. HP: 13/17 MP: 1/6
   486 | D:1      | Learned a level 2 spell: Blink
   489 | D:1      | Learned a level 2 spell: Call Imp
   567 | D:1      | Reached XP level 3. HP: 15/21 MP: 8/8
  1429 | D:2      | Found a faded altar of an unknown god.
  1477 | D:2      | Reached skill level 3 in Stealth
  1734 | D:2      | Reached XP level 4. HP: 27/27 MP: 9/9
  1776 | D:2      | Noticed Natasha
  1807 | D:2      | Killed Natasha
  1962 | D:2      | Noticed Natasha
  1974 | D:2      | Killed Natasha
  2199 | D:2      | Noticed a scorpion
  2208 | D:2      | Killed a scorpion
  2209 | D:2      | Reached skill level 1 in Fighting
  2209 | D:2      | Reached skill level 1 in Unarmed Combat
  2209 | D:2      | Reached XP level 5. HP: 11/33 MP: 5/10
  2421 | D:2      | Noticed Natasha
  2435 | D:2      | Killed Natasha
  2540 | D:3      | Found Tuiqoro's Magic Scroll Emporium.
  2550 | D:3      | Bought a scroll of identify for 22 gold pieces
  2550 | D:3      | Bought a scroll of noise for 11 gold pieces
  2730 | D:3      | Noticed Jessica
  2733 | D:3      | Found Levaq's General Store.
  2737 | D:3      | Killed Jessica
  3384 | D:3      | Reached XP level 6. HP: 38/38 MP: 11/11
  3389 | D:3      | Learned a level 4 spell: Ice Form
  3493 | D:3      | Found Contuve's Antique Weapon Boutique.
  3645 | D:4      | Found Itoriuf's Armour Emporium.
  3821 | D:4      | Noticed Grinder
  3825 | D:4      | Paralysed by Grinder for 3 turns
  3836 | D:4      | Paralysed by Grinder for 5 turns
  3842 | D:4      | Killed Grinder
  3843 | D:4      | Reached skill level 4 in Stealth
  3843 | D:4      | Reached skill level 1 in Shields
  3843 | D:4      | Reached skill level 1 in Ice Magic
  3843 | D:4      | Reached XP level 7. HP: 15/44 MP: 6/13
  4061 | D:4      | Found Juob's Armour Shop.
  4074 | D:4      | Found Urymeir's Magic Scroll Emporium.
  4132 | D:4      | Found Isesoata's Weapon Boutique.
  4177 | D:4      | Reached skill level 1 in Transmutations
  4530 | D:4      | Found a glowing silver altar of Zin.
  4530 | D:4      | Found a white marble altar of Elyvilon.
  4530 | D:4      | Noticed Pikel
  4536 | D:4      | Found an iron altar of Okawaru.
  4551 | D:4      | Killed Pikel
  4552 | D:4      | Reached skill level 5 in Stealth
  4552 | D:4      | Reached XP level 8. HP: 35/51 MP: 5/14
  4698 | D:4      | Found a staircase to the Ecumenical Temple.
  4769 | D:4      | Found a hide-covered altar of Uskayaw.
  4786 | Temple   | Entered the Ecumenical Temple
  4847 | Temple   | Became a worshipper of Cheibriados the Contemplative
  5071 | D:4      | You fall into a shaft and drop 3 floors!
  5092 | D:7      | Found a flagged portal.
  5136 | Bailey   | Entered a bailey
  5268 | Bailey   | Noticed an orc knight
  5268 | Bailey   | Noticed an orc knight
  5268 | Bailey   | Noticed an orc warlord
  5268 | Bailey   | HP: 2/51 [orc (3)]
  5270 | Bailey   | Mangled by an orc warrior

Illustrated notes

Levels and vault maps discovered:
D:1:      beargit_arrival_diablo_church, layout_loops_ring, chequers_arboretum
D:2:      layout_rooms, hellmonk_ecumenical_altar_pennies_from_heaven,
          uniq_natasha
D:3:      layout_loops_ring, serial_shops, shop, shop, shop, uniq_jessica
D:4:      layout_basic, gammafunk_temple_overflow_claw, lemuel_doored_altar,
          minmay_temple_entry_gardened_gates, serial_shops, shop,
          nicolae_stop_n_shop_2, shop, shop, uniq_grinder, uniq_pikel
D:7:      layout_rooms, mainiacjoe_overflow_surrounded_room, enter_bailey_5
Temple:   dshaligram_water_room_temple
Bailey:   bailey_axe_minmay_hex_keep, bailey

Skill      XL: |  1  2  3  4  5  6  7  8 |
---------------+-------------------------+-----
Stealth        | 3 4 5 |  5.0
Fighting       | 1 2 |  2.8
Unarmed Combat | 1 2 |  2.6
Conjurations   | 2 3 |  3.0
Dodging        | 3 |  3.0
Shields        | 1 2 |  2.4
Spellcasting   | 4 |  4.4
Summonings     | 2 3 |  3.0
Translocations | 2 |  2.0
Ice Magic      | 1 2 |  2.1
Transmutations | 2 |  2.1
Short Blades   | |  0.2

Action                   |  1- 3 |  4- 6 |  7- 9 || total
-------------------------+-------+-------+-------++-------
Melee: Dagger            |   101 |    86 |    53 ||   240
       Tentacles         |    16 |     9 |     9 ||    34
       Constrict         |    25 |    17 |     9 ||    51
       Punch             |       |     2 |     1 ||     3
 Cast: Magic Dart        |    12 |       |     3 ||    15
       Call Imp          |       |    14 |    18 ||    32
       Blink             |       |     1 |       ||     1
  Use: Scroll            |     3 |     7 |     2 ||    12
       Potion            |       |     2 |     1 ||     3
 Stab: Sleeping          |     6 |     8 |     3 ||    17
       Distracted        |       |     1 |     1 ||     2
Armor: Skin              |    10 |    10 |     7 ||    27
Dodge: Dodged            |    49 |    47 |    53 ||   149
Block: Buckler           |     3 |    10 |     8 ||    21
